 Dungeon Crawl Stone Soup version 0.25-a0-860-gf695395b5c (webtiles) character file.

Game seed: 16923855088707084768, levelgen mode: deterministic

127813 DildoBatman the Peltast (level 17, -7/128 HPs)
             Began as a Formicid Wizard on Apr 27, 2020.
             Was an Initiate of Gozag.
             Mangled by a naga warrior
             ... wielding a +0 short sword
              (15 damage)
             ... on level 2 of the Snake Pit on Apr 28, 2020.
             The game lasted 01:59:21 (28737 turns).

DildoBatman the Peltast (Formicid Wizard)          Turns: 28737, Time: 01:59:22

Health: -7/128     AC: 24    Str: 14    XL:     17   Next: 57%
Magic:  31/35      EV: 14    Int: 27    God:    Gozag
Gold:   6147       SH: 19    Dex: 15    Spells: 19/44 levels left

rFire    + . .     SeeInvis +   a - +7 war axe "Dooneom" {freeze, rElec rF+}
rCold    + + +     Gourm    .   W - +0 tower shield
rNeg     . . .     Faith    .   Z - +0 steam dragon scales
rPois    +         Spirit   .   (helmet unavailable)
rElec    +         Reflect  .   K - +0 cloak
rCorr    .         Harm     .   y - +1 pair of gloves of the Catfish {+Inv Dex+4}
MR       +++..                  m - +4 pair of boots of the Stars {+Fly rF- rC+++}
Stlth    ++........             r - amulet of regeneration
HPRegen  0.71/turn              F - ring of poison resistance
MPRegen  0.24/turn              T - ring "Zocsamn" {rElec rF+ MR+ Dex+2 Slay+3}

@: lethally poisoned (-7 -> -8), icy armour, shrouded, gold aura, constricted
A: permanent stasis, dig shafts and tunnels, four strong arms, antennae 3,
clever 1, cold resistance 1, magic resistance 1, strong 1
a: Dig, Shaft Self, Potion Petition, Call Merchant, Bribe Branch, Renounce
Religion, Evoke Invisibility, Evoke Flight


You were on level 2 of the Snake Pit.
You worshipped Gozag.
Gozag was greatly pleased with you.
You were full.

You visited 6 branches of the dungeon, and saw 27 of its levels.
You also visited: Ossuary.

You collected 7606 gold pieces.
You spent 709 gold pieces at shops.
You paid 750 gold pieces to Gozag.

Inventory:

Hand Weapons
 a - the +7 war axe "Dooneom" (weapon) {freeze, rElec rF+}
   (You found it on level 4 of the Dungeon)

   It has been specially enchanted to freeze those struck by it, causing extra
   injury to most foes and up to half again as much damage against particularly
   susceptible opponents.
   It can also slow down cold-blooded creatures.
   It protects you from fire.
   It insulates you from electricity.
 b - a +1 hunting sling of flaming
 d - a +1 scimitar of flaming
 e - the +0 dagger "Atinox" {freeze, MR+ Int+2 Dex-4}
   (You found it on level 10 of the Dungeon)

   It has been specially enchanted to freeze those struck by it, causing extra
   injury to most foes and up to half again as much damage against particularly
   susceptible opponents.
   It can also slow down cold-blooded creatures.
   It affects your intelligence (+2).
   It affects your dexterity (-4).
   It affects your resistance to hostile enchantments.
Missiles
 h - 932 arrows
 i - 129 sling bullets
 A - a throwing net (quivered)
 B - 322 bolts
Armour
 m - the +4 pair of boots of the Stars (worn) {+Fly rF- rC+++}
   (You bought it in a shop on level 10 of the Dungeon)

   It makes you vulnerable to fire.
   It renders you almost immune to cold.
   It lets you fly.
 y - the +1 pair of gloves of the Catfish (worn) {+Inv Dex+4}
   (You found it on level 7 of the Dungeon)

   It affects your dexterity (+4).
   It lets you turn invisible.
 K - a +0 cloak (worn)
 W - a +0 tower shield (worn)
 Z - +0 steam dragon scales (worn)
Jewellery
 c - a +4 ring of evasion
 r - an amulet of regeneration (around neck)
 F - a ring of poison resistance (left hand)
 O - an uncursed ring of positive energy
 T - the ring "Zocsamn" (right hand) {rElec rF+ MR+ Dex+2 Slay+3}
   (You found it on level 9 of the Dungeon)

   [ring of protection from fire]

   It affects your dexterity (+2).
   It affects your accuracy and damage with ranged weapons and melee attacks
   (+3).
   It protects you from fire.
   It insulates you from electricity.
   It affects your resistance to hostile enchantments.
 U - a +4 ring of protection
Wands
 j - a wand of disintegration (13)
 q - a wand of paralysis (20)
Scrolls
 f - 3 scrolls of fear {unknown}
 k - a scroll of torment {unknown}
 l - 3 scrolls of immolation
 w - a scroll of silence {unknown}
 x - 9 scrolls of remove curse
 z - 7 scrolls of identify
 C - 5 scrolls of magic mapping
 D - 2 scrolls of enchant armour
 J - a scroll of random uselessness {unknown}
 L - 3 scrolls of fog {unknown}
 N - a scroll of amnesia
 R - 4 scrolls of holy word {unknown}
 S - 2 scrolls of summoning {unknown}
 X - 4 scrolls of enchant weapon {unknown}
 Y - 6 scrolls of vulnerability {unknown}
Potions
 g - 4 potions of ambrosia
 n - 2 potions of heal wounds
 o - 14 potions of curing
 p - a potion of experience {unknown}
 s - 5 potions of stabbing
 t - 3 potions of cancellation {unknown}
 u - 2 potions of brilliance {unknown}
 E - a potion of mutation
 G - 5 potions of lignification
 H - a potion of berserk rage {unknown}
 I - 4 potions of invisibility
 M - 5 potions of magic
 P - 3 potions of flight
 Q - 4 potions of resistance
Comestibles
 v - 24 rations


   Skills:
 - Level 10.0 Fighting
 - Level 6.0 Axes
 - Level 10.0 Armour
 - Level 8.0 Dodging
 - Level 2.4 Stealth
 - Level 15.0 Shields
 - Level 14.0 Spellcasting
 - Level 6.0 Conjurations
   Level 1.0 Summonings
 * Level 11.5 Necromancy
 - Level 0.8 Translocations
 - Level 5.0 Fire Magic
 - Level 6.0 Ice Magic
 - Level 5.0 Air Magic
 * Level 8.4 Earth Magic


You had 19 spell levels left.
You knew the following spells:

 Your Spells              Type           Power        Failure   Level  Hunger
a - Conjure Flame         Conj/Fire      #####...     1%          3    None
b - Vampiric Draining     Necr           ######....   1%          3    None
c - Magic Dart            Conj           ####         1%          1    None
d - Ozocubu's Armour      Chrm/Ice       #####...     2%          3    None
e - Mephitic Cloud        Conj/Pois/Air  #####...     1%          3    None
f - Sublimation of Blood  Necr           ######....   1%          2    None
g - Leda's Liquefaction   Hex/Erth       #####.....   4%          4    None
h - Dispel Undead         Necr           ######..     1%          4    None
z - Shroud of Golubria    Chrm/Tloc      ###...       3%          2    None

Your spell library contained the following spells:

 Spells                   Type           Power        Failure   Level  Hunger
 Animate Skeleton         Necr           N/A          1%          1    None
 Apportation              Tloc           ###...       1%          1    None
 Pain                     Necr           ####         1%          1    None
 Shock                    Conj/Air       ####         1%          1    None
 Summon Small Mammal      Summ           ###.         1%          1    None
 Swiftness                Chrm/Air       ####....     1%          2    None
 Static Discharge         Conj/Air       #####...     1%          3    None
 Agony                    Necr           ######..     1%          5    ##.....
 Beastly Appendage        Tmut           ###...       2%          1    None
 Corona                   Hex            ###....      2%          1    None
 Infusion                 Chrm           ###.         2%          1    None
 Call Imp                 Summ           ###.....     2%          2    None
 Inner Flame              Hex/Fire       ####....     3%          3    None
 Airstrike                Air            #####.....   3%          4    None
 Death Channel            Necr           ######....   3%          6    ####...
 Slow                     Hex            ###.....     4%          2    None
 Song of Slaying          Chrm           ###.....     4%          2    None
 Sticks to Snakes         Tmut           ###.....     4%          2    None
 Petrify                  Tmut/Erth      #####...     4%          4    None
 Call Canine Familiar     Summ           ###.....     5%          3    None
 Gell's Gravitas          Tloc           ###.......   6%          3    None
 Portal Projectile        Hex/Tloc       ###...       7%          3    None
 Summon Guardian Golem    Hex/Summ       ###.....     7%          3    None
 Summon Ice Beast         Ice/Summ       #####...     7%          4    None
 Excruciating Wounds      Chrm/Necr      #####.....   8%          5    ##.....
 Confusing Touch          Hex            ###.....     9%          3    None
 Spectral Weapon          Hex/Chrm       ###.....     9%          3    None
 Spider Form              Tmut/Pois      ###.......   9%          3    None
 Ice Form                 Ice/Tmut       #####...     9%          4    None
 Summon Lightning Spire   Summ/Air       #####...     9%          4    None
 Lightning Bolt           Conj/Air       #####.....   9%          5    ##.....
 Simulacrum               Ice/Necr       ######....   12%         6    ####...
 Metabolic Englaciation   Hex/Ice        #####.....   22%         5    ##.....
 Cause Fear               Hex            ###.......   28%         4    None
 Blade Hands              Tmut           ###.......   61%         5    ##.....
 Yara's Violent Unravell  Hex/Tmut       ###.......   61%         5    ##.....
 Borgnjor's Revivificati  Necr           ######....   86%         8    #######
 Infestation              Necr           ######....   86%         8    #######
 Haunt                    Necr/Summ      ######....   88%         7    ######.
 Death's Door             Chrm/Necr      #####.....   100%        8    #######
 Necromutation            Tmut/Necr      #####.....   100%        8    #######
 Blink                    Tloc           Unusable     N/A         2    N/A

Dungeon Overview and Level Annotations

Branches:
Dungeon (15/15)            Temple (1/1) D:5            Lair (6/6) D:11
  Swamp (1/4) Lair:3        Snake (2/4) Lair:4        Slime (0/5) Lair:6
    Orc (2/2) D:10            Elf (0/3) Orc:2        Vaults (0/5) D:14
 Depths (0/5) D:15        Ossuary (visited)

Altars:
Ashenzari
Cheibriados
Dithmenos
Elyvilon
Fedhas
Gozag
Hepliaklqana
Kikubaaqudgha
Makhleb
Nemelex Xobeh
Okawaru
Qazlal
Ru
Sif Muna
Trog
Uskayaw
Vehumet
Wu Jian
Xom
Yredelemnul
Zin
The Shining One
Beogh

Shops:
D:10 [   Orc:1 (   Orc:2 *===

Portals:
Trove: D:14 (give +8 demon trident)


Innate Abilities, Weirdness & Mutations

You cannot be hasted, slowed, berserked, paralysed or teleported.
You can dig through walls and to a lower floor.
Your four strong arms can wield two-handed weapons with a shield.
You have a pair of large antennae on your head. (SInv)
Your mind is acute. (Int +2)
Your flesh is cold resistant. (rC+)
You are resistant to hostile enchantments. (MR+)
Your muscles are strong. (Str +2)


Message History

You are more poisoned.
You resist. The naga warrior constricts you.
The salamander hits you from afar with a +0 halberd.
You are engulfed in flames!
You resist. The heat melts your icy armour.
The naga warrior blocks your attack.
The naga warrior is heavily wounded.
You feel sick.
The naga becomes distracted by the nearby gold, dreaming of imaginary riches.
You block the naga warrior's attack. The naga warrior constricts you.
Your shroud bends the salamander's attack away.
The naga warrior blocks your attack.
The naga warrior is heavily wounded.
You feel sick.
The naga warrior hits you with a +0 short sword!
You die...
Your body crumbles into a pile of gold.

...###....##.## #
..#.##..####..# .#
..#....####...##.#
..##..####......#
#....
###.#..........##
....#
###.#####.......# ...#
...## #........# ...#
...#
#.......$####...##
...#
###.....#@##§....##
...#
####.#..#N##§....[.#
...# #....####N{....#
..##...####.###N.N..##
####. #####.##......#
# #........##......
#.....!##.##.....#
#......# ..##...##
......... .{# ...#


You could see a naga warrior, a salamander and a naga (unaware).

Vanquished Creatures
  Kirke (D:13)
  A nagaraja (Snake:2)
  The ghost of endorz the Tortoise, a journeyman MiBe of Trog (Lair:2)
  An ettin (D:10)
  A fire dragon (Lair:6)
  9 hydras
  5 naga warriors
  An ice dragon (Lair:6)
  Erolcha (D:9)
  2 anacondas
  Erica (D:8)
  7 centaur warriors
  12 two-headed ogres
  3 ogre magi (D:15)
  A tengu warrior (D:14)
  6 death yaks
  A vampire mage (D:15)
  9 naga sharpshooters
  5 orc high priests (Orc:2)
  Nergalle (Lair:2)
  2 shock serpents (Snake:1)
  Sonja (D:10)
  11 skeletal warriors
  A golden dragon zombie (D:15)
  A lindwurm (Lair:6)
  A necromancer (D:15)
  3 naga ritualists (Snake:1)
  Pikel (D:5)
  2 orc knights
  A wizard (D:15)
  6 mana vipers
  2 orc sorcerers
  3 deep elf magi
  A wolf spider (Lair:6)
  A stone giant zombie (D:15)
  8 ugly things
  3 cyclopes (D:15)
  A salamander (Snake:1)
  A frost giant skeleton (D:15)
  3 guardian serpents
  11 elephants
  2 centaur zombies
  A stone giant skeleton (D:15)
  Psyche (D:10)
  Maurice (D:10)
  18 black mambas
  3 gargoyles
  5 naga magi
  11 spiny frogs
  5 torpor snails (Lair:6)
  3 kobold demonologists
  3 death yak zombies
  4 yaktaurs (D:14)
  6 komodo dragons
  A guardian mummy (D:15)
  A komodo dragon (shapeshifter) (D:14)
  2 hydra zombies (Lair:4)
  A queen bee (D:8)
  A polar bear (Lair:5)
  4 trolls
  11 hornets
  4 tyrant leeches (Lair:6)
  2 hydra skeletons
  A bog body (Swamp:1)
  5 dream sheep (Lair:5)
  A meliai zombie (D:12)
  8 hippogriffs
  A centaur simulacrum (D:15)
  4 wraiths
  22 yaks
  2 vampires
  Eustachio (D:5)
  5 hogs (D:13)
  A basilisk (Lair:1)
  4 wyverns
  A black mamba skeleton (Lair:5)
  5 hungry ghosts
  Grum (D:8)
  9 vampire mosquitoes
  3 steam dragons
  4 wargs
  4 insubstantial wisps (Lair:3)
  4 acid dragons
  15 nagas
  A spiny frog zombie (Lair:2)
  A soldier ant (D:13)
  7 water moccasins
  27 orc warriors
  4 porcupines
  4 ice beasts
  3 swamp drakes
  7 spiny frog skeletons
  5 phantoms
  4 black bears
  4 slaves
  A necrophage (D:11)
  6 sky beasts
  A boggart (D:14)
  22 ogres
  A hornet zombie (D:10)
  6 wolves
  3 blink frog zombies
  25 centaurs
  17 crocodiles
  4 big kobolds (D:14)
  25 bullfrogs
  2 rime drake skeletons (Lair:6)
  2 komodo dragon zombies
  A hippogriff skeleton (Lair:5)
  2 wyvern zombies
  4 water moccasin zombies
  2 komodo dragon skeletons (Lair:5)
  A scorpion (D:5)
  A wyvern skeleton (D:14)
  29 killer bees
  2 water moccasin skeletons
  2 yak zombies
  4 wights (Ossuary)
  9 howler monkeys
  4 electric eels
  A yak skeleton (Lair:2)
  17 crimson imps
  2 hounds
  A wyvern simulacrum (D:14)
  3 jellies
  8 centaur skeletons
  34 orc wizards
  2 basilisk zombies
  31 orc priests
  A basilisk skeleton (Lair:6)
  3 bullfrog skeletons
  6 hell rats (Lair:5)
  Terence (D:3)
  4 porcupine zombies
  6 iguanas
  11 worker ants
  3 worker ant zombies
  A howler monkey skeleton (D:8)
  11 adders
  2 shadow imps
  A white imp (D:7)
  An adder skeleton (D:6)
  An adder zombie (Ossuary)
  5 worms
  3 dart slugs
  5 leopard geckos
  106 orcs
  2 ball pythons
  2 giant cockroaches
  8 hobgoblins
  11 jackals
  8 quokkas
  A ball python skeleton (Ossuary)
  8 bats
  2 frilled lizards
  9 goblins
  A hobgoblin skeleton (Ossuary)
  A jackal skeleton (D:5)
  15 kobolds
  A kobold zombie (Ossuary)
  An orc skeleton (Ossuary)
  2 orc zombies (Ossuary)
  A quokka skeleton (D:5)
  7 rats
  3 butterflies (Lair:2)
  4 fungi
  3 plants
927 creatures vanquished.

Vanquished Creatures (collateral kills)
  A swamp dragon (Lair:6)
  A killer bee (D:8)
2 creatures vanquished.

Vanquished Creatures (others)
  A deep elf mage (D:15)
  An orc priest (Orc:2)
  7 plants (Lair:6)
9 creatures vanquished.

Grand Total: 938 creatures vanquished

Notes
Turn   | Place    | Note
-------+----------+-------------------------------------------
     0 | D:1      | DildoBatman the Formicid Wizard began the quest for the
                  | Orb.
     0 | D:1      | Reached XP level 1. HP: 13/13 MP: 4/4
    25 | D:1      | Reached skill level 1 in Conjurations
    82 | D:1      | Found a basalt altar of Yredelemnul.
    84 | D:1      | Found an ornate altar of the Wu Jian Council.
    84 | D:1      | Found a sparkling altar of Nemelex Xobeh.
    86 | D:1      | Found a shattered altar of Ashenzari.
    86 | D:1      | Found an iron altar of Okawaru.
    86 | D:1      | Found a shimmering altar of Xom.
   250 | D:1      | Reached XP level 2. HP: 10/19 MP: 0/6
   710 | D:1      | Reached XP level 3. HP: 15/24 MP: 1/7
   721 | D:1      | Learned a level 3 spell: Conjure Flame
   725 | D:1      | Learned a level 3 spell: Mephitic Cloud
  1556 | D:2      | Reached XP level 4. HP: 19/30 MP: 0/8
  2296 | D:3      | Noticed Terence
  2470 | D:3      | Reached XP level 5. HP: 35/35 MP: 5/9
  2895 | D:3      | Found a glowing golden altar of the Shining One.
  3649 | D:4      | Got a pitted war axe
  3650 | D:4      | Identified the +7 war axe "Dooneom" {freeze, rElec rF+}
                  | (You found it on level 4 of the Dungeon)
  3859 | D:4      | Found a snail-covered altar of Cheibriados.
  3974 | D:4      | Got a fine ivory ring
  4012 | D:4      | Identified the ring of Ilideeps {Fire Str+6} (You found it
                  | on level 4 of the Dungeon)
  4321 | D:5      | Entered Level 5 of the Dungeon
  4354 | D:5      | Noticed an ice beast
  4468 | D:5      | Noticed a sky beast
  4525 | D:4      | Reached skill level 5 in Conjurations
  4525 | D:4      | Reached XP level 6. HP: 40/41 MP: 8/10
  4637 | D:5      | Noticed an ogre
  4695 | D:5      | Killed an ogre
  4695 | D:5      | Reached skill level 1 in Air Magic
  4695 | D:5      | Reached XP level 7. HP: 46/46 MP: 1/11
  4742 | D:4      | Reached skill level 1 in Fire Magic
  5012 | D:5      | Found a staircase to the Ecumenical Temple.
  5045 | Temple   | Entered the Ecumenical Temple
  5214 | Temple   | Became a worshipper of Kikubaaqudgha
  5480 | D:5      | Found a glowing golden altar of the Shining One.
  5552 | D:5      | Reached XP level 8. HP: 45/52 MP: 3/12
  5727 | D:6      | Noticed Pikel
  5847 | D:6      | Noticed Eustachio
  6079 | D:5      | Killed Eustachio
  6130 | D:5      | Killed Pikel
  6130 | D:5      | Reached skill level 5 in Fire Magic
  6130 | D:5      | Reached skill level 5 in Air Magic
  6130 | D:5      | Reached skill level 1 in Necromancy
  6130 | D:5      | Reached XP level 9. HP: 45/57 MP: 8/13
  6445 | D:6      | Found a white marble altar of Elyvilon.
  6771 | D:6      | Found a snail-covered altar of Cheibriados.
  7140 | D:3      | Killed Terence
  7261 | D:7      | Reached skill level 5 in Necromancy
  7266 | D:7      | Reached skill level 1 in Fighting
  7266 | D:7      | Reached skill level 1 in Armour
  7273 | D:7      | Reached * piety under Kikubaaqudgha
  7273 | D:7      | Identified Kikubaaqudgha's Guide on Unholy Magic
                  | (Kikubaaqudgha gifted it to you on level 7 of the Dungeon)
  7273 | D:7      | Received a gift from Kikubaaqudgha
  7278 | D:7      | Learned a level 2 spell: Sublimation of Blood
  7282 | D:7      | Learned a level 3 spell: Vampiric Draining
  7543 | D:7      | Found a glowing silver altar of Zin.
  7669 | D:7      | Got a pair of brightly glowing gloves
  7675 | D:7      | Identified the +1 pair of gloves of the Catfish {+Inv
                  | Dex+4} (You found it on level 7 of the Dungeon)
  7921 | D:7      | Reached XP level 10. HP: 70/70 MP: 14/14
  8113 | D:8      | Noticed Grum
  8140 | D:8      | Killed Grum
  8175 | D:8      | Reached skill level 5 in Fighting
  8175 | D:8      | Reached skill level 5 in Armour
  8322 | D:8      | Found a sand-covered staircase.
  8330 | Ossuary  | Entered an ossuary
  8352 | Ossuary  | Reached skill level 1 in Axes
  8382 | Ossuary  | Reached ** piety under Kikubaaqudgha
  8990 | D:8      | Noticed Erica
  9004 | D:8      | Killed Erica
  9321 | D:8      | Reached XP level 11. HP: 33/80 MP: 16/16
  9898 | D:9      | Reached *** piety under Kikubaaqudgha
  9898 | D:9      | Identified Kikubaaqudgha's Incunabulum of Evil
                  | (Kikubaaqudgha gifted it to you on level 9 of the Dungeon)
  9898 | D:9      | Received a gift from Kikubaaqudgha
  9910 | D:9      | Learned a level 4 spell: Dispel Undead
 10008 | D:9      | Got a sparkling silver ring
 10010 | D:9      | Identified the ring "Zocsamn" {rElec rF+ MR+ Dex+2 Slay+3}
                  | (You found it on level 9 of the Dungeon)
 10013 | D:9      | Noticed a two-headed ogre
 10244 | D:9      | Found a radiant altar of Vehumet.
 10362 | D:9      | Killed a two-headed ogre
 10485 | D:9      | Noticed Erolcha
 10500 | D:9      | Killed Erolcha
 10500 | D:9      | Reached skill level 5 in Spellcasting
 10519 | D:9      | Noticed a two-headed ogre
 10532 | D:9      | Killed a two-headed ogre
 10678 | D:10     | Entered Level 10 of the Dungeon
 10759 | D:10     | Noticed Psyche
 10776 | D:10     | Killed Psyche
 10870 | D:10     | Noticed Maurice
 10899 | D:10     | Reached **** piety under Kikubaaqudgha
 10912 | D:10     | Killed Maurice
 11015 | D:9      | Reached XP level 12. HP: 75/91 MP: 5/20
 11044 | D:10     | Noticed Sonja
 11063 | D:10     | Killed Sonja
 11111 | D:10     | Got a shimmering dagger
 11112 | D:10     | Found a staircase to the Orcish Mines.
 11144 | D:10     | Found Hetiom's Antique Armour Shoppe.
 11183 | D:10     | Identified the +0 dagger "Atinox" {freeze, MR+ Int+2 Dex-4}
                  | (You found it on level 10 of the Dungeon)
 11329 | D:10     | Reached skill level 5 in Dodging
 11613 | Orc:1    | Entered Level 1 of the Orcish Mines
 11633 | Orc:1    | Found a roughly hewn altar of Beogh.
 11635 | Orc:1    | Found Eregroel's Weapon Emporium.
 11918 | Orc:1    | Noticed an ettin
 12146 | Orc:1    | Reached ***** piety under Kikubaaqudgha
 12368 | Orc:2    | Entered Level 2 of the Orcish Mines
 12409 | Orc:2    | Found a staircase to the Elven Halls.
 12632 | Orc:2    | Noticed an orc high priest
 12648 | Orc:2    | Killed an orc high priest
 12671 | Orc:2    | Noticed an orc high priest
 12686 | Orc:2    | Killed an orc high priest
 12727 | Orc:2    | Noticed an orc high priest
 12765 | Orc:2    | Killed an orc high priest
 12811 | Orc:2    | Noticed an orc high priest
 12850 | Orc:2    | Killed an orc high priest
 12909 | Orc:2    | Reached XP level 13. HP: 95/100 MP: 13/23
 12959 | Orc:2    | Found Meusaez's Jewellery Shoppe.
 12959 | Orc:2    | Found Xalliret's Jewellery Shoppe.
 12960 | Orc:2    | Found Kipte's Jewellery Emporium.
 12963 | Orc:2    | Found Luizuj's General Store.
 13486 | D:11     | Found a staircase to the Lair.
 13536 | D:11     | Noticed an eight-headed hydra
 13811 | D:10     | Killed an ettin
 13914 | D:11     | Found a stormy altar of Qazlal.
 14285 | D:10     | Killed a two-headed hydra
 14389 | D:11     | Reached ****** piety under Kikubaaqudgha
 14401 | D:10     | Received a gift from Kikubaaqudgha
 14405 | D:10     | Fell from the grace of Kikubaaqudgha
 14544 | Temple   | Became a worshipper of Gozag Ym Sagoz the Greedy
 14737 | D:11     | Reached skill level 10 in Armour
 14832 | D:11     | Reached skill level 10 in Fighting
 15186 | Lair:1   | Entered Level 1 of the Lair of Beasts
 15251 | Lair:1   | Noticed a seven-headed hydra
 15297 | D:11     | Killed a one-headed hydra
 15381 | D:10     | Bought a pair of polished boots for 256 gold pieces
 15381 | D:10     | Bought an ancient robe for 153 gold pieces
 15396 | D:10     | Identified the cursed +0 robe of Omission {Slay+2} (You
                  | bought it in a shop on level 10 of the Dungeon)
 15401 | D:10     | Identified the +4 pair of boots of the Stars {+Fly rF-
                  | rC+++} (You bought it in a shop on level 10 of the Dungeon)
 15791 | Lair:1   | Reached skill level 1 in Shields
 15833 | Lair:1   | Reached skill level 2 in Shields
 16276 | Lair:2   | Noticed a five-headed hydra
 16293 | Lair:1   | Reached skill level 3 in Shields
 16361 | Lair:1   | Killed a one-headed hydra
 16361 | Lair:1   | Reached skill level 4 in Shields
 16378 | Lair:2   | Reached skill level 5 in Shields
 16541 | Lair:2   | Found a transporter.
 16544 | Lair:2   | Noticed endorz's ghost (journeyman MiBe)
 16544 | Lair:2   | Noticed a five-headed hydra
 16641 | Lair:2   | Found a transporter.
 16714 | Lair:2   | Noticed Nergalle
 16734 | Lair:2   | Killed Nergalle
 16734 | Lair:2   | Reached skill level 6 in Shields
 17217 | Lair:3   | Reached skill level 7 in Shields
 17393 | Lair:3   | Reached XP level 14. HP: 101/110 MP: 20/26
 17489 | Lair:3   | Found a staircase to the Swamp.
 17535 | Lair:3   | Found a hazy altar of Hepliaklqana.
 18149 | Lair:4   | Reached skill level 8 in Shields
 18180 | Lair:4   | Found a staircase to the Snake Pit.
 18705 | Lair:4   | Reached skill level 9 in Shields
 19071 | Lair:4   | Reached skill level 10 in Shields
 19447 | Lair:5   | Reached skill level 11 in Shields
 19513 | Lair:5   | Reached skill level 12 in Shields
 20444 | Lair:6   | Entered Level 6 of the Lair of Beasts
 20491 | Lair:6   | Found a runed translucent door.
 20610 | Lair:6   | Reached skill level 13 in Shields
 20716 | Lair:6   | Was forgiven by Kikubaaqudgha
 21142 | Lair:6   | Reached skill level 14 in Shields
 21160 | Lair:6   | Reached XP level 15. HP: 112/115 MP: 19/27
 21430 | Lair:6   | Reached skill level 15 in Shields
 21463 | Lair:6   | Found a staircase to the Slime Pits.
 21892 | Lair:2   | Killed endorz's ghost
 22176 | D:12     | Reached skill level 10 in Spellcasting
 22322 | D:12     | You fall into a shaft and drop 3 floors!
 22322 | D:15     | Entered Level 15 of the Dungeon
 22373 | D:15     | Found a staircase to the Depths.
 22817 | D:15     | Reached XP level 16. HP: 116/122 MP: 8/32
 24156 | D:14     | Found a gate to the Vaults.
 24428 | D:14     | Learned a level 3 spell: Ozocubu's Armour
 24431 | D:14     | Learned a level 2 spell: Shroud of Golubria
 24436 | D:14     | Learned a level 4 spell: Leda's Liquefaction
 24446 | D:14     | Gained mutation: Your muscles are strong. (Str +2) [potion
                  | of mutation]
 24446 | D:14     | Gained mutation: Your muscles are very strong. (Str +4)
                  | [potion of mutation]
 24446 | D:14     | Gained mutation: Your body sometimes deteriorates upon
                  | taking damage. [potion of mutation]
 24446 | D:14     | Gained mutation: You are resistant to hostile enchantments.
                  | (MR+) [potion of mutation]
 24447 | D:14     | Lost mutation: Your body sometimes deteriorates upon taking
                  | damage. [potion of mutation]
 24447 | D:14     | Lost mutation: Your muscles are very strong. (Str +4)
                  | [potion of mutation]
 24447 | D:14     | Gained mutation: Your flesh is cold resistant. (rC+)
                  | [potion of mutation]
 24447 | D:14     | Gained mutation: Your mind is acute. (Int +2) [potion of
                  | mutation]
 24593 | D:14     | Found a portal to a secret trove of treasure.
 24752 | D:14     | Reached skill level 1 in Earth Magic
 24756 | D:14     | Reached skill level 1 in Ice Magic
 25124 | D:13     | Noticed Kirke
 25141 | D:13     | Killed Kirke
 25285 | D:13     | Reached skill level 10 in Necromancy
 26697 | Swamp:1  | Entered Level 1 of the Swamp
 26895 | Orc:2    | Bought an uncursed ring of poison resistance for 300 gold
                  | pieces
 27084 | Snake:1  | Entered Level 1 of the Snake Pit
 27111 | Snake:1  | Reached skill level 5 in Earth Magic
 27213 | Snake:1  | Reached XP level 17. HP: 97/128 MP: 4/35
 27350 | Snake:1  | Reached skill level 5 in Ice Magic
 28608 | Snake:2  | Got a heavily runed scale mail
 28621 | Snake:2  | Identified the +3 scale mail of Grottiness {+Blink Str-5
                  | Dex+3} (You found it on level 2 of the Snake Pit)
 28737 | Snake:2  | Mangled by a naga warrior

Levels and vault maps discovered:
D:1:      lemuel_arrival_behind_the_door_large, layout_basic,
          hangedman_decor_slide_cut, doesnt_xom_only_xom
D:2:      layout_loops_ring, first_ration
D:3:      layout_basic, lemuel_coloured_pillars_altar, uniq_terence
D:4:      layout_basic, lemuel_altar_in_water
D:5:      layout_cave_pools, minmay_temple_entry_trees, basic_altar
D:6:      layout_basic, basic_altar, cheibrodos_worm_habitat, uniq_eustachio,
          uniq_pikel
D:7:      layout_loops_ring, basic_altar, minmay_nine_imps
D:8:      layout_basic, enter_ossuary_3, david_nohive_1, minmay_manual_mail,
          uniq_erica, uniq_grum
D:9:      layout_basic, vehumet_altar_wand_db, uniq_erolcha
D:10:     layout_roguey, erik_orc_4, serial_shops, shop_fountains, uniq_sonja,
          uniq_psyche, uniq_maurice
D:11:     layout_cross, lair_entry_dummy, nicolae_qazlal_general_emergency
D:12:     layout_rooms
D:13:     layout_gridville, uniq_kirke
D:14:     layout_loops_ring, hangedman_vaults_entry_quadrant_bands,
          minmay_misc_feat_tower, nicolae_trove_entry_crystal
D:15:     gammafunk_depths_entry_grave, layout_layer_cave, minmay_misc_feat_chi,
          nrook_guardian_serpent_ordinary
Temple:   minmay_crystal_snake_temple
Lair:1:   layout_hall_layers, grunt_megastairs_5
Lair:2:   layout_regular_city, gammafunk_ghost_arena, lemuel_fruit_fields,
          infiniplex_staircase_pool_2, lemuel_fruit_fields, uniq_nergalle
Lair:3:   layout_gridlike, minmay_swamp_entry_wisps, basic_altar,
          serial_bayou_ford_a
Lair:4:   layout_small_grid, dummy_snake_entry, nzn_random_ring
Lair:5:   layout_cave_pods, serial_bayou_shore_b, serial_bayou_shore_b,
          serial_bayou_shore_a, grunt_megastairs_3, serial_bayou_shore_b,
          infiniplex_staircase_pool
Lair:6:   wormcave, layout_cave_pods, guppyfry_lair_end_dragon, slime_dummy
Swamp:1:  layout_falls_marsh, evilmike_swamp_ruin_house_1
Snake:1:  layout_honeycomb
Snake:2:  layout_chambers, nicolae_snake_round_shape_thing, lemuel_fruit_tree
Orc:1:    layout_diamond_mine, serial_shops, shop, basic_altar
Orc:2:    st_orc_mages, layout_caves

Skill      XL: |  1  2  3  4  5  6  7  8  9 10 11 12 13 14 15 16 17 |
---------------+----------------------------------------------------+-----
Conjurations   | 1 2 3 4 5 6 |  6.0
Air Magic      | 1 3 5 |  5.0
Fire Magic     | 3 5 |  5.0
Necromancy     | 1 5 7 8 9 10 11 | 11.5
Fighting       | 3 5 7 8 10 | 10.0
Armour         | 3 5 7 9 10 | 10.0
Axes           | 6 |  6.0
Dodging        | 2 4 6 8 |  8.0
Spellcasting   | 5 7 8 12 14 | 14.0
Shields        | 7 14 15 | 15.0
Earth Magic    | 5 8 |  8.4
Ice Magic      | 4 6 |  6.0
Stealth        | |  2.4
Summonings     | |  1.0
Translocations | |  0.8

Action                   |  1- 3 |  4- 6 |  7- 9 | 10-12 | 13-15 | 16-18 || total
-------------------------+-------+-------+-------+-------+-------+-------++-------
Melee: Club              |    22 |       |       |       |       |       ||    22
       Short sword       |    28 |    27 |       |       |       |       ||    55
       War axe           |       |    12 |   162 |   528 |  1065 |   934 ||  2701
       Scimitar          |       |       |       |       |    52 |     4 ||    56
       Dagger            |       |       |       |       |    15 |       ||    15
Throw: Stone             |     5 |       |     2 |       |       |       ||     7
       Dart              |       |       |    25 |    36 |    18 |       ||    79
       Boomerang         |       |       |     6 |       |       |       ||     6
 Cast: Magic Dart        |    89 |   108 |    73 |    31 |    53 |       ||   354
       Mephitic Cloud    |     2 |     5 |    30 |    62 |    50 |     8 ||   157
       Conjure Flame     |       |     1 |     8 |    19 |    48 |     4 ||    80
       Vampiric Draining |       |       |       |    22 |    62 |    35 ||   119
       Dispel Undead     |       |       |       |     8 |    26 |     9 ||    43
       Sublimation of Bl |       |       |       |       |     1 |       ||     1
       Ozocubu's Armour  |       |       |       |       |       |    15 ||    15
       Shroud of Golubri |       |       |       |       |       |     7 ||     7
Invok: Receive Necronomi |       |       |       |       |     1 |       ||     1
       Renounce Religion |       |       |       |       |     1 |       ||     1
       Potion Petition   |       |       |       |       |     2 |       ||     2
 Abil: Dig               |       |     1 |     2 |    16 |    29 |    13 ||    61
Evoke: Phantom mirror    |       |       |       |       |     1 |       ||     1
  Use: Potion            |     1 |       |       |       |     4 |     3 ||     8
       Scroll            |       |     5 |     1 |     6 |     1 |     8 ||    21
 Stab: Confused          |     2 |       |    11 |    25 |    22 |     6 ||    66
       Sleeping          |       |       |       |     4 |     3 |     6 ||    13
       Distracted        |       |       |       |     2 |     9 |     9 ||    20
       Invisible         |       |       |       |       |     1 |       ||     1
  Eat: Chunk             |     2 |     7 |    10 |    21 |     6 |       ||    46
       Ration            |       |     1 |     1 |     1 |    10 |     8 ||    21
Armor: Robe              |    11 |     6 |     5 |       |       |       ||    22
       Leather armour    |       |       |    16 |    62 |       |       ||    78
       Steam dragon scal |       |       |       |    44 |   374 |   192 ||   610
Dodge: Dodged            |    53 |    41 |   152 |   444 |   874 |   399 ||  1963
Block: Tower shield      |       |       |       |       |   481 |   877 ||  1358
       Rpst.: Scimitar   |       |       |       |       |    12 |       ||    12

Table legend:
 A = Non-vault XP
 B = Vault XP
 C = Vault XP percentage of total XP
 D = Non-vault monster count
 E = Vault monster count
 F = Vault count percentage of total count
                 A         B        C        D         E       F
            +---------+---------+-------+---------+---------+-------
      Total |  133205 |   49385 |  27.0 |     661 |     214 |  24.5
            +---------+---------+-------+---------+---------+-------
        D:1 |      45 |       0 |   0.0 |      23 |       0 |   0.0
        D:2 |      86 |       0 |   0.0 |      30 |       0 |   0.0
        D:3 |      85 |      36 |  29.8 |      18 |       1 |   5.3
        D:4 |     133 |       0 |   0.0 |       7 |       0 |   0.0
        D:5 |     914 |     865 |  48.6 |      27 |       2 |   6.9
        D:6 |     519 |       5 |   1.0 |      21 |       1 |   4.5
        D:7 |    1131 |     398 |  26.0 |      24 |       9 |  27.3
        D:8 |     483 |    3061 |  86.4 |      10 |      27 |  73.0
        D:9 |    3657 |     984 |  21.2 |      16 |       2 |  11.1
       D:10 |    5107 |    2195 |  30.1 |      41 |      21 |  33.9
       D:11 |    3126 |       0 |   0.0 |      32 |       0 |   0.0
       D:12 |    8694 |       0 |   0.0 |      39 |       0 |   0.0
       D:13 |    7046 |    3194 |  31.2 |      24 |       6 |  20.0
       D:14 |   10912 |    5155 |  32.1 |      43 |      18 |  29.5
       D:15 |   22699 |    5388 |  19.2 |      63 |       9 |  12.5
     Lair:1 |    4414 |     453 |   9.3 |      16 |       2 |  11.1
     Lair:2 |    2612 |    4667 |  64.1 |      13 |       8 |  38.1
     Lair:3 |    2078 |     645 |  23.7 |       8 |       4 |  33.3
     Lair:4 |    2411 |    4028 |  62.6 |       9 |      11 |  55.0
     Lair:5 |    5982 |    2106 |  26.0 |      27 |       9 |  25.0
     Lair:6 |    9940 |   10020 |  50.2 |      19 |      31 |  62.0
    Swamp:1 |     769 |       0 |   0.0 |       4 |       0 |   0.0
    Snake:1 |   22014 |       0 |   0.0 |      42 |       0 |   0.0
    Snake:2 |   12110 |       0 |   0.0 |      20 |       0 |   0.0
      Orc:1 |    3932 |       0 |   0.0 |      40 |       0 |   0.0
      Orc:2 |    2306 |    5512 |  70.5 |      45 |      40 |  47.1
    Ossuary |       0 |     673 | 100.0 |       0 |      13 | 100.0
            +---------+---------+-------+---------+---------+-------
